AoeStats
← 一剑扫秋风nelson

African Clearing

505410144Analyzed
4v4 RM · 23d ago on Sep 9, 2026· 28m 24s· 8 players
Game mode
Random Map
Map size
Large (8 player)
Population
200
Speed
Normal
Resources
Standard
Victory
Conquest
Starting age
Dark Age
Ending age
Imperial Age
RankedLock teamsTeams togetherTeam positionsShared explorationLock speedFull tech treeHidden civsTurbo modeCheats
Victory
Defeat
🇨🇳 Franks · China
1919
+12
🇨🇳 Burmese · China
1896
+13
🇨🇳 Goths · China
1866
+14
🇨🇳 Britons · China
1858
+14
🇹🇼 Slavs · Taiwan
1868
-16
🇹🇼 Gurjaras · Taiwan
1845
-14
🇹🇼 Tatars · Taiwan
1796
-12
🇹🇼 Khitans · Taiwan
1769
-11
邪恶菜菜虎
3:36 Loom
13:42 Feudal Age
14:54 Town Watch
22:34 Castle Age
20:58 Double-Bit Axe
22:03 Horse Collar
24:09 Scale Mail Armor
一剑扫秋风nelson
12:06 Feudal Age
12:24 Man-at-Arms
13:20 Arson
15:00 Loom
17:44 Horse Collar
22:05 Castle Age
20:27 Gold Mining
21:05 Stone Mining
23:03 Heavy Plow
25:54 Scale Barding Armor
27:29 Chain Barding Armor
27:47 Bloodlines
27:42 Husbandry
28:31 Forging
晰灵
8:02 Loom
10:54 Feudal Age
14:11 Fletching
15:27 Double-Bit Axe
24:37 Castle Age
23:40 Gold Mining
23:43 Stone Mining
24:26 Padded Archer Armor
24:41 Elite Skirmisher
26:57 Bodkin Arrow
CNZS_CC
12:53 Feudal Age
14:10 Double-Bit Axe
16:29 Castle Age
16:21 Loom
18:20 Bow Saw
18:48 Wheelbarrow
20:37 Town Watch
25:36 Fletching
27:38 Fletching
28:45 Ballistics
[LuB]夢夢
10:33 Loom
13:09 Feudal Age
18:07 Castle Age
16:32 Fletching
17:54 Double-Bit Axe
GKT_Cloud
11:40 Feudal Age
12:21 Double-Bit Axe
14:22 Forging
14:27 Loom
15:42 Horse Collar
20:52 Castle Age
19:10 Gold Mining
20:33 Bloodlines
20:54 Light Cavalry
22:04 Husbandry
22:13 Scale Barding Armor
23:35 Wheelbarrow
24:04 Chain Barding Armor
25:56 Iron Casting
26:20 Town Watch
[LuB]a61
3:48 Loom
13:17 Feudal Age
16:06 Fletching
20:02 Castle Age
19:36 Double-Bit Axe
20:45 Bodkin Arrow
20:51 Padded Archer Armor
21:02 Bow Saw
24:36 Domestication
26:29 Pastoralism
27:47 Ballistics
28:18 Gold Mining
28:46 Husbandry
DemonSheep
10:13 Loom
12:29 Feudal Age
13:28 Town Watch
22:17 Padded Archer Armor
23:16 Fletching
Connection lost

Rejoining the realm…

Still unreachable

The connection could not be restored.

Session expired

The server has moved on; the page needs a fresh start.